 Dungeon Crawl Stone Soup version 0.29-a0-870-g2c972031a6 (webtiles) character file.

Game seed: 15150915396543079877

116 HoaS the Shooter (level 5, 0/38 HPs)
             Began as a Human Hunter on July 17, 2022.
             Slain by an iguana (7 damage)
             ... on level 4 of the Dungeon.
             The game lasted 00:04:17 (2689 turns).

HoaS the Shooter (Human Hunter)                     Turns: 2689, Time: 00:04:18

Health: 0/38       AC:  3    Str: 11    XL:     5   Next: 21%
Magic:  5/5        EV: 12    Int: 10    God:
Gold:   153        SH:  0    Dex: 18    Spells: 4/4 levels left

rFire   + . .      SeeInvis .   a - +2 shortbow
rCold   . . .      Faith    .   (shield currently unavailable)
rNeg    . . .      Spirit   .   c - +0 leather armour
rPois   .          Reflect  .   (no helmet)
rElec   .          Harm     .   (no cloak)
rCorr   .          Rampage  .   (no gloves)
Will    .....                   (no boots)
Stlth   ++........              j - amulet of regeneration
HPRegen 0.92/turn               e - ring of protection from fire
MPRegen 0.09/turn               (no ring)

@: no status effects
A: no striking features
a: no special abilities


You were on level 4 of the Dungeon.
You visited 1 branch of the dungeon, and saw 4 of its levels.

You collected 153 gold pieces.

Inventory:

Hand Weapons
 a - a +2 shortbow (weapon)
Armour
 c - a +0 leather armour (worn)
Jewellery
 e - a ring of protection from fire (left hand)
 j - an amulet of regeneration (around neck)
 k - a ring of ice
Wands
 g - a wand of charming (5)
Scrolls
 b - 2 scrolls of immolation
 f - 2 scrolls of blinking
 h - a scroll of teleportation {unknown}
 l - a scroll of identify
Potions
 d - 5 potions of curing
 i - a potion of attraction


   Skills:
 - Level 2.0 Fighting
 + Level 6.1 Ranged Weapons
 - Level 2.0 Dodging
 - Level 1.0 Stealth


You had 4 spell levels left.
You didn't know any spells.
Your spell library contained the following spells:

 Spells                   Type           Power      Damage    Failure   Level
 Freeze                   Ice            0%         1d3       45%         1
 Frozen Ramparts          Ice            0%         1d2       83%         3
 Hailstorm                Conj/Ice       0%         3d3       99%         4
 Passage of Golubria      Tloc           0%         N/A       99%         4
 Silence                  Hex/Air        0%         N/A       100%        5
 Lehudib's Crystal Spear  Conj/Erth      0%         10d2      100%        8


Dungeon Overview and Level Annotations

Branches:
Dungeon (4/15)
 Temple: D:4-7

Altars:
Yredelemnul

Annotations:
D:3 1 runed translucent door


Message History

The endoplasm moves out of view.
You are too injured to fight recklessly!
You are too injured to fight recklessly!
You are too injured to fight recklessly!
Okay, then.
Fire: a) +2 shortbow
Press: ? - help, Q - select action, (/) - cycle Shift-Dir - straight line, f/p - iguana
Aim: an iguana (heavily wounded, 70% to hit)
You shoot an arrow.
The arrow hits the iguana but does no damage.
The iguana is heavily wounded.
The iguana barely misses you.
Fire: a) +2 shortbow
Press: ? - help, Q - select action, (/) - cycle Shift-Dir - straight line, f/p - iguana
Aim: an iguana (heavily wounded, 70% to hit)
You shoot an arrow. The arrow barely misses the iguana.
The iguana barely misses you.
Fire: a) +2 shortbow
Press: ? - help, Q - select action, (/) - cycle Shift-Dir - straight line, f/p - iguana
Aim: an iguana (heavily wounded, 70% to hit)
You shoot an arrow. The arrow barely misses the iguana.
The adder bites you. The iguana closely misses you.
Fire: a) +2 shortbow
Press: ? - help, Q - select action, (/) - cycle Shift-Dir - straight line, f/p - iguana
Aim: an iguana (heavily wounded, 70% to hit)
You shoot an arrow. The arrow hits the iguana.
The iguana is severely wounded.
The adder bites you.
The iguana bites you but does no damage.
The adder misses you.
You feel better. The adder bites you. The iguana bites you.
Fire: a) +2 shortbow
Press: ? - help, Q - select action, (/) - cycle Shift-Dir - straight line, f/p - iguana
Aim: an iguana (severely wounded, 70% to hit)
You shoot an arrow. The arrow hits the iguana.
The iguana is almost dead.
The adder closely misses you. The iguana bites you!
* * * LOW HITPOINT WARNING * * *
The adder misses you. The iguana bites you!
You die...

....).. .......
....... .......
...)... .......
##....... ####..#
#######S@lS##
....)...######## ####
##''##.....#...##
...# ≈ ##.........##
##...#
##.........###...#
#.........##..#
..'.............#
♣..'........##...####
♣≈≈#...#...###.......


You could see an iguana and 2 adders.

Vanquished Creatures
  A jelly (D:4)
  2 adders
  2 worms (D:2)
  An orc (D:4)
  6 ball pythons
  8 endoplasms
  4 giant cockroaches (D:1)
  3 hobgoblins
  6 jackals (D:1)
  3 quokkas
  5 bats
  2 frilled lizards (D:1)
  8 goblins
  3 kobolds
  4 rats
58 creatures vanquished.

Notes
Turn   | Place    | Note
-------+----------+-------------------------------------------
     0 | D:1      | HoaS the Human Hunter began the quest for the Orb.
     0 | D:1      | Reached XP level 1. HP: 16/16 MP: 1/1
    58 | D:1      | Reached XP level 2. HP: 19/22 MP: 2/2
   405 | D:1      | Reached XP level 3. HP: 27/27 MP: 3/3
   630 | D:1      | Reached skill level 5 in Ranged Weapons
  1115 | D:2      | Reached XP level 4. HP: 21/33 MP: 4/4
  1362 | D:2      | Found a faded altar of an unknown god.
  2075 | D:3      | Found a runed translucent door.
  2075 | D:3      | Noticed a human
  2076 | D:3      | Found a basalt altar of Yredelemnul.
  2674 | D:4      | Reached skill level 6 in Ranged Weapons
  2674 | D:4      | Reached XP level 5. HP: 32/38 MP: 5/5
  2689 | D:4      | Slain by an iguana

Illustrated notes

Levels and vault maps discovered:
D:1:      minmay_arrival_diagonal_passages, layout_loops_corners
D:2:      layout_loops_ring, ebering_ecumenical_altar_box
D:3:      layout_loops_ring, dk_yredelemnul_ordeal
D:4:      wander_river, layout_rooms, amcnicky_altar_gilded,
          kennysheep_generic_room_3

Skill      XL: |  1  2  3  4 |
---------------+-------------+-----
Ranged Weapons | 5 6 |  6.1
Fighting       | |  2.0
Dodging        | |  2.0
Stealth        | |  1.0

Action                   |  1- 3 |  4- 6 || total
-------------------------+-------+-------++-------
 Fire: Shortbow          |    89 |    80 ||   169
  Use: Scroll            |     2 |     7 ||     9
       Potion            |       |     1 ||     1
Armor: Leather armour    |    15 |     7 ||    22
Dodge: Dodged            |    33 |    21 ||    54

Table legend: (Time is in decaauts)
 A = Elapsed time spent in this place.
 B = Non-inter-level travel time spent in this place.
 C = Inter-level travel time spent in this place.
 D = Time resting spent in this place.
 E = Time spent auto-exploring this place.
 F = Levels seen in this place.
 G = Mean time per level.
                   A        B        C        D        E       F      G
               +--------+--------+--------+--------+--------+-----+--------+
         Total |   2742 |   2693 |     49 |    439 |   1918 |   4 |  685.5 |
       Dungeon |   2742 |   2693 |     49 |    439 |   1918 |   4 |  685.5 |
               +--------+--------+--------+--------+--------+-----+--------+

Top non-repeatable levels by time:
     D:1: 938 daAuts
     D:2: 852 daAuts
     D:3: 601 daAuts
     D:4: 349 daAuts
